| TOP OF THE 1ST |
|
Arizona State University Sun Devils batting - Pitching for California State University at Fullerton Titans : RHP Lance Greven
|
|
Pitching: RHP Lance Greven
|
|
|
Batting: LHB Eric Russell
|
0-0: Called Strike 0-1: Ball 1-1: Swinging Strike 1-2: Ball 2-2: Foul Ball, location: 2F 2-2: Reached on error, E6 (Groundball, P, EV 87.5 MPH)
|
|
Batting: RHB Rusty Gee
|
0-0: Called Strike 0-1: Ball 1-1: Foul Ball, location: 2F 1-2: Strikes out looking
|
|
Batting: LHB Randy Marquez
|
0-0: Ball 1-0: Ball 2-0: Called Strike 2-1: Foul Ball, location: 2F 2-2: Ball 3-2: SINGLE (Groundball, 4D, EV 97.5 MPH) Eric Russell to third Runner from 3rd tries for Home, SAFE, throw by CF to home
|
|
Batting: SHB Manny Aponte
|
0-0: Ball Wild Pitch! Randy Marquez to second 1-0: Foul Ball, location: 2F 1-1: Ball 2-1: Ball 3-1: Called Strike 3-2: Ground out 3-1 (Groundball, 34, EV 86.9 MPH) Randy Marquez to third
|
|
Batting: RHB John Burgis
|
0-0: Foul Ball, location: 2F 0-1: Ball 1-1: Foul Ball, location: 2F 1-2: Ball 2-2: Foul Ball, location: 2F 2-2: Ball 3-2: Fly out, F8 (Flyball, 8RD, EV 97.5 MPH)
|
| Top of the 1st over - 1 run, 1 hit, 1 error, 1 left on base; Arizona State University 1 - California State University at Fullerton 0 |
| BOTTOM OF THE 1ST |
|
California State University at Fullerton Titans batting - Pitching for Arizona State University Sun Devils : RHP Brent Wiley
|
|
Pitching: RHP Brent Wiley
|
|
|
Batting: LHB Jim Snell
|
0-0: Ball 1-0: Ball 2-0: Called Strike 2-1: Foul Ball, location: 2F 2-2: Strikes out swinging
|
|
Batting: RHB Simon Sultzbach
|
0-0: Ball 1-0: Foul Ball, location: 2F 1-1: SINGLE (Line Drive, 5D, EV 98.1 MPH)
|
|
Batting: LHB Mike Fernandez
|
0-0: Fly out, F8 (Flyball, 8LD, EV 98.8 MPH)
|
|
Batting: LHB Alberto Aguilar
|
0-0: Ball 1-0: Foul Ball, location: 2F 1-1: Ball 2-1: Swinging Strike 2-2: Foul Ball, location: 2F 2-2: Strikes out swinging
|
| Bottom of the 1st over - 0 runs, 1 hit, 0 errors, 1 left on base; Arizona State University 1 - California State University at Fullerton 0 |
| TOP OF THE 2ND |
|
Arizona State University Sun Devils batting - Pitching for California State University at Fullerton Titans : RHP Lance Greven
|
|
Batting: LHB Dustin Gill
|
0-0: Ball 1-0: Fly out, F7 (Line Drive, 7, EV 95.6 MPH)
|
|
Batting: LHB Burraga Iukini
|
0-0: Swinging Strike 0-1: Swinging Strike 0-2: Ball 1-2: Foul Ball, location: 2F 1-2: Ball 2-2: Foul Ball, location: 2F 2-2: Strikes out swinging
|
|
Batting: RHB Carl Evans
|
0-0: Ball 1-0: Called Strike 1-1: Ball 2-1: Foul Ball, location: 2F 2-2: Foul Ball, location: 2F 2-2: Ball 3-2: Foul Ball, location: 2F 3-2: Foul Ball, location: 2F 3-2: Ground out 1-3 (Groundball, 25, EV 66.9 MPH)
|
| Top of the 2nd over - 0 runs, 0 hits, 0 errors, 0 left on base; Arizona State University 1 - California State University at Fullerton 0 |
| BOTTOM OF THE 2ND |
|
California State University at Fullerton Titans batting - Pitching for Arizona State University Sun Devils : RHP Brent Wiley
|
|
Batting: RHB Justin Thomas
|
0-0: Foul Ball, location: 2F 0-1: Swinging Strike 0-2: SOLO HOME RUN (Flyball, 7LD, EV 100.0 MPH), Distance : 370 ft
|
|
Batting: LHB John Blumberg
|
0-0: Called Strike 0-1: Ball 1-1: Foul Ball, location: 2F 1-2: Ball 2-2: Foul Ball, location: 2F 2-2: Ground out 1-3 (Groundball, 34S, EV 67.5 MPH)
|
|
Batting: SHB John Loechel
|
0-0: Called Strike 0-1: Swinging Strike 0-2: Foul Ball, location: 2F 0-2: Strikes out looking
|
|
Batting: RHB Takayashi Hori
|
0-0: Ball 1-0: Foul Ball, location: 2F 1-1: Ball 2-1: Fly out, F8 (Flyball, 89M, EV 73.1 MPH)
|
| Bottom of the 2nd over - 1 run, 1 hit, 0 errors, 0 left on base; Arizona State University 1 - California State University at Fullerton 1 |
| TOP OF THE 3RD |
|
Arizona State University Sun Devils batting - Pitching for California State University at Fullerton Titans : RHP Lance Greven
|
|
Batting: LHB Timon Giorgiou
|
0-0: Ball 1-0: Ball 2-0: Foul Ball, location: 2F 2-1: Ball 3-1: Swinging Strike 3-2: Strikes out looking
|
|
Batting: LHB Eric Russell
|
0-0: Ball 1-0: Swinging Strike 1-1: Ball 2-1: Ground out 4-3 (Groundball, 4D, EV 102.5 MPH)
|
|
Batting: RHB Rusty Gee
|
0-0: Foul Ball, location: 2F 0-1: Foul Ball, location: 2F 0-2: Ball 1-2: Ball 2-2: Foul Ball, location: 2F 2-2: Ball 3-2: Base on Balls
|
|
Batting: LHB Randy Marquez
|
0-0: Ball 1-0: Ball Rusty Gee steals 2nd base 2-0: Swinging Strike 2-1: SINGLE (Groundball, 6M, EV 101.2 MPH) (infield hit) Rusty Gee to third
|
|
Batting: SHB Manny Aponte
|
0-0: Foul Ball, location: 2F 0-1: Foul Ball, location: 2F 0-2: Ball 1-2: Foul Ball, location: 2F 1-2: Foul Ball, location: 2F 1-2: Ball 2-2: Ball 3-2: Fly out, F9 (Flyball, 89S, EV 85.6 MPH)
|
| Top of the 3rd over - 0 runs, 1 hit, 0 errors, 2 left on base; Arizona State University 1 - California State University at Fullerton 1 |
| BOTTOM OF THE 3RD |
|
California State University at Fullerton Titans batting - Pitching for Arizona State University Sun Devils : RHP Brent Wiley
|
|
Batting: RHB Alex Freyre
|
0-0: Ball 1-0: Called Strike 1-1: Ball 2-1: Ground out 5-3 (Groundball, 5, EV 106.9 MPH)
|
|
Batting: LHB Jim Snell
|
0-0: Foul Ball, location: 2F 0-1: Foul Ball, location: 2F 0-2: Ball 1-2: Ball 2-2: Foul Ball, location: 2F 2-2: Foul Ball, location: 2F 2-2: Ball 3-2: Strikes out swinging
|
|
Batting: RHB Simon Sultzbach
|
0-0: DOUBLE (Line Drive, 9LM, EV 102.5 MPH)
|
|
Batting: LHB Mike Fernandez
|
0-0: Called Strike 0-1: Ground out 6-3 (Groundball, 6, EV 101.2 MPH)
|
| Bottom of the 3rd over - 0 runs, 1 hit, 0 errors, 1 left on base; Arizona State University 1 - California State University at Fullerton 1 |
| TOP OF THE 4TH |
|
Arizona State University Sun Devils batting - Pitching for California State University at Fullerton Titans : RHP Lance Greven
|
|
Pitching: RHP Tyler Van der Lugt
|
|
|
Batting: RHB John Burgis
|
0-0: Ball 1-0: Foul Ball, location: 2F 1-1: Swinging Strike 1-2: Ball 2-2: Ball 3-2: Strikes out swinging
|
|
Batting: LHB Dustin Gill
|
0-0: Foul Ball, location: 2F 0-1: Swinging Strike 0-2: Ball 1-2: Ball 2-2: Ball 3-2: SOLO HOME RUN (Flyball, 9LD, EV 96.9 MPH), Distance : 387 ft
|
|
Batting: LHB Burraga Iukini
|
0-0: Called Strike 0-1: Fly out, F7 (Flyball, 7D, EV 82.5 MPH)
|
|
Batting: RHB Carl Evans
|
0-0: Ball 1-0: DOUBLE (Line Drive, 8RD, EV 92.5 MPH)
|
|
Batting: LHB Timon Giorgiou
|
0-0: Ball 1-0: Called Strike 1-1: Ball 2-1: Foul Ball, location: 2F 2-2: Foul Ball, location: 2F 2-2: Foul Ball, location: 2F 2-2: Ball 3-2: Strikes out swinging
|
| Top of the 4th over - 1 run, 2 hits, 0 errors, 1 left on base; Arizona State University 2 - California State University at Fullerton 1 |
| BOTTOM OF THE 4TH |
|
California State University at Fullerton Titans batting - Pitching for Arizona State University Sun Devils : RHP Brent Wiley
|
|
Batting: LHB Alberto Aguilar
|
0-0: Ball 1-0: Called Strike 1-1: Called Strike 1-2: Ball 2-2: Strikes out looking
|
|
Batting: RHB Justin Thomas
|
0-0: Called Strike 0-1: Ball 1-1: Foul Ball, location: 2F 1-2: Ball 2-2: Foul Ball, location: 2F 2-2: Foul Ball, location: 2F 2-2: Strikes out swinging
|
|
Batting: LHB John Blumberg
|
0-0: Ball 1-0: Called Strike 1-1: Foul Ball, location: 2F 1-2: Foul Ball, location: 2F 1-2: Strikes out swinging
|
| Bottom of the 4th over - 0 runs, 0 hits, 0 errors, 0 left on base; Arizona State University 2 - California State University at Fullerton 1 |
| TOP OF THE 5TH |
|
Arizona State University Sun Devils batting - Pitching for California State University at Fullerton Titans : RHP Tyler Van der Lugt
|
|
Batting: LHB Eric Russell
|
0-0: Ball 1-0: Ball 2-0: SINGLE (Groundball, 23, EV 76.2 MPH) (infield hit)
|
|
Batting: RHB Rusty Gee
|
0-0: Called Strike 0-1: Ball 1-1: Called Strike 1-2: Foul Ball, location: 2F 1-2: Foul Ball, location: 2F 1-2: Ball Wild Pitch! Eric Russell to second 2-2: Fly out, F9 (Flyball, 9, EV 83.1 MPH) Runner from 2nd tags up, OUT at 3rd! 9-5
|
|
Batting: LHB Randy Marquez
|
0-0: Called Strike 0-1: Foul Ball, location: 2F 0-2: Fly out, F6 (Popup, P, EV 91.2 MPH)
|
| Top of the 5th over - 0 runs, 1 hit, 0 errors, 0 left on base; Arizona State University 2 - California State University at Fullerton 1 |
| BOTTOM OF THE 5TH |
|
California State University at Fullerton Titans batting - Pitching for Arizona State University Sun Devils : RHP Brent Wiley
|
|
Batting: SHB John Loechel
|
0-0: Foul Ball, location: 2F 0-1: Ball 1-1: Called Strike 1-2: Ball 2-2: Foul Ball, location: 2F 2-2: Ball 3-2: Fly out, F8 (Flyball, 89D, EV 104.4 MPH)
|
|
Batting: RHB Takayashi Hori
|
0-0: Ball 1-0: Foul Ball, location: 2F 1-1: Foul Ball, location: 2F 1-2: Foul Ball, location: 2F 1-2: Foul Ball, location: 2F 1-2: Strikes out looking
|
|
Batting: RHB Alex Freyre
|
0-0: Ground out 3-1 (Groundball, 34S, EV 90.0 MPH)
|
| Bottom of the 5th over - 0 runs, 0 hits, 0 errors, 0 left on base; Arizona State University 2 - California State University at Fullerton 1 |
| TOP OF THE 6TH |
|
Arizona State University Sun Devils batting - Pitching for California State University at Fullerton Titans : RHP Tyler Van der Lugt
|
|
Batting: SHB Manny Aponte
|
0-0: Ball 1-0: Swinging Strike 1-1: Swinging Strike 1-2: Strikes out swinging
|
|
Batting: RHB John Burgis
|
0-0: Foul Ball, location: 2F 0-1: SINGLE (Groundball, 34D, EV 103.8 MPH)
|
|
Batting: LHB Dustin Gill
|
0-0: Grounds into double play, 3-6-1 (Groundball, 34S, EV 90.0 MPH)
|
| Top of the 6th over - 0 runs, 1 hit, 0 errors, 0 left on base; Arizona State University 2 - California State University at Fullerton 1 |
| BOTTOM OF THE 6TH |
|
California State University at Fullerton Titans batting - Pitching for Arizona State University Sun Devils : RHP Brent Wiley
|
|
Pitching: RHP Bill Dominguez
|
|
|
Batting: LHB Jim Snell
|
0-0: Ball 1-0: Called Strike 1-1: Swinging Strike 1-2: Ball 2-2: Strikes out swinging
|
|
Batting: RHB Simon Sultzbach
|
0-0: Called Strike 0-1: Called Strike 0-2: Foul Ball, location: 2F 0-2: Ball 1-2: Ground out 1-3 (Groundball, 34S, EV 68.1 MPH)
|
|
Batting: LHB Mike Fernandez
|
0-0: Ball 1-0: Ball 2-0: Ball 3-0: Base on Balls
|
|
Batting: LHB Alberto Aguilar
|
0-0: Foul Ball, location: 2F 0-1: Ground out U3 (Groundball, 3L, EV 107.5 MPH)
|
| Bottom of the 6th over - 0 runs, 0 hits, 0 errors, 1 left on base; Arizona State University 2 - California State University at Fullerton 1 |
| TOP OF THE 7TH |
|
Arizona State University Sun Devils batting - Pitching for California State University at Fullerton Titans : RHP Tyler Van der Lugt
|
|
Pitching: LHP David Garcia
|
|
|
Batting: LHB Burraga Iukini
|
0-0: Called Strike 0-1: Called Strike 0-2: Strikes out swinging
|
|
Batting: RHB Carl Evans
|
0-0: Swinging Strike 0-1: Ball 1-1: Hit by Pitch
|
|
Batting: LHB Timon Giorgiou
|
0-0: Ground out 5-3 (Groundball, 56, EV 80.0 MPH) Carl Evans to second
|
|
Batting: LHB Eric Russell
|
0-0: Ground out 4-3 (Groundball, 4, EV 100.6 MPH)
|
| Top of the 7th over - 0 runs, 0 hits, 0 errors, 1 left on base; Arizona State University 2 - California State University at Fullerton 1 |
| BOTTOM OF THE 7TH |
|
California State University at Fullerton Titans batting - Pitching for Arizona State University Sun Devils : RHP Bill Dominguez
|
|
Batting: RHB Justin Thomas
|
0-0: Called Strike 0-1: Swinging Strike 0-2: Strikes out swinging
|
|
Pitching: LHP Nick Segar
|
|
|
Batting: LHB John Blumberg
|
0-0: Ball 1-0: Swinging Strike 1-1: Foul Ball, location: 2F 1-2: Ball 2-2: Strikes out swinging
|
|
Pitching: RHP Josh Wolford
|
|
|
Batting: SHB John Loechel
|
0-0: Ball 1-0: Called Strike 1-1: Ball 2-1: Foul Ball, location: 2F 2-2: Ball 3-2: Base on Balls
|
|
Batting: RHB Takayashi Hori
|
0-0: Foul Ball, location: 2F 0-1: Ball 1-1: Ball 2-1: Ball 3-1: Called Strike 3-2: Ground out 5-3 (Groundball, 5L, EV 101.2 MPH)
|
| Bottom of the 7th over - 0 runs, 0 hits, 0 errors, 1 left on base; Arizona State University 2 - California State University at Fullerton 1 |
| TOP OF THE 8TH |
|
Arizona State University Sun Devils batting - Pitching for California State University at Fullerton Titans : LHP David Garcia
|
|
Pitching: RHP David Akers
|
|
|
Batting: RHB Rusty Gee
|
0-0: Ball 1-0: Swinging Strike 1-1: Foul Ball, location: 2F 1-2: Foul Ball, location: 2F 1-2: Strikes out swinging
|
|
Batting: LHB Randy Marquez
|
0-0: Foul Ball, location: 2F 0-1: Called Strike 0-2: Foul Ball, location: 2F 0-2: Ball 1-2: Strikes out swinging
|
|
Batting: SHB Manny Aponte
|
0-0: Ball 1-0: Called Strike 1-1: Swinging Strike 1-2: Strikes out swinging
|
| Top of the 8th over - 0 runs, 0 hits, 0 errors, 0 left on base; Arizona State University 2 - California State University at Fullerton 1 |
| BOTTOM OF THE 8TH |
|
California State University at Fullerton Titans batting - Pitching for Arizona State University Sun Devils : RHP Josh Wolford
|
|
Batting: RHB Alex Freyre
|
0-0: Called Strike 0-1: Ball 1-1: Ground out 6-3 (Groundball, 6, EV 103.8 MPH)
|
|
Batting: LHB Jim Snell
|
0-0: Ball 1-0: Called Strike 1-1: Swinging Strike 1-2: Ball 2-2: Strikes out swinging
|
|
Batting: RHB Simon Sultzbach
|
0-0: Ball 1-0: Called Strike 1-1: Ball 2-1: Called Strike 2-2: Ball 3-2: Foul Ball, location: 2F 3-2: Foul Ball, location: 2F 3-2: Ground out 4-3 (Groundball, 34S, EV 83.8 MPH)
|
| Bottom of the 8th over - 0 runs, 0 hits, 0 errors, 0 left on base; Arizona State University 2 - California State University at Fullerton 1 |
| TOP OF THE 9TH |
|
Arizona State University Sun Devils batting - Pitching for California State University at Fullerton Titans : RHP David Akers
|
|
Batting: RHB John Burgis
|
0-0: Ball 1-0: Ground out 5-3 (Groundball, 5, EV 81.2 MPH)
|
|
Batting: LHB Dustin Gill
|
0-0: Called Strike 0-1: Ball 1-1: Foul Ball, location: 2F 1-2: Ground out 6-3 (Groundball, 6M, EV 89.4 MPH)
|
|
Batting: LHB Burraga Iukini
|
0-0: Ball 1-0: SINGLE (Flyball, 89S, EV 86.2 MPH)
|
|
Batting: RHB Carl Evans
|
0-0: Called Strike 0-1: Called Strike Burraga Iukini steals 2nd base 0-2: Ball Wild Pitch! Burraga Iukini to third 1-2: Foul Ball, location: 2F 1-2: Strikes out swinging
|
| Top of the 9th over - 0 runs, 1 hit, 0 errors, 1 left on base; Arizona State University 2 - California State University at Fullerton 1 |
| BOTTOM OF THE 9TH |
|
California State University at Fullerton Titans batting - Pitching for Arizona State University Sun Devils : RHP Josh Wolford
|
|
Pitching: LHP T.J. Conner
|
|
|
Batting: LHB Mike Fernandez
|
0-0: Fly out, F9 (Flyball, 9, EV 78.1 MPH)
|
|
Batting: LHB Alberto Aguilar
|
0-0: Called Strike 0-1: Ball 1-1: Ground out 6-3 (Groundball, 6, EV 87.5 MPH)
|
|
Batting: RHB Justin Thomas
|
0-0: Ball 1-0: Ball 2-0: Foul Ball, location: 2F 2-1: Swinging Strike 2-2: Ball 3-2: Foul Ball, location: 2F 3-2: Foul Ball, location: 2F 3-2: Foul Ball, location: 2F 3-2: Strikes out swinging, 2-3 out at first.
|
| Bottom of the 9th over - 0 runs, 0 hits, 0 errors, 0 left on base; Arizona State University 2 - California State University at Fullerton 1 |
|